 Dungeon Crawl Stone Soup version 0.29-a0-275-g389c0b56f3 (webtiles) character file.

Game seed: 11494688270133879014

4969 BlueGoblin the Spry (level 10, -3/47 HPs)
             Began as a Spriggan Monk on Mar 10, 2022.
             Was a Believer of the Shining One.
             Slain by a troll (7 damage)
             ... on level 8 of the Dungeon.
             The game lasted 00:21:27 (10374 turns).

BlueGoblin the Spry (Spriggan Monk)                Turns: 10374, Time: 00:21:27

Health: -3/47      AC:  6    Str:  7    XL:     10   Next: 28%
Magic:  9/11       EV: 35    Int: 13    God:    the Shining One [**....]
Gold:   228        SH:  6    Dex: 21    Spells: 9/9 levels left

rFire   . . .      SeeInvis +   i - +1 long sword (vorpal)
rCold   . . .      Faith    .   (no shield)
rNeg    + . .      Spirit   .   b - +1 robe
rPois   .          Reflect  .   (helmet restricted)
rElec   .          Harm     .   C - +2 cloak {rCorr}
rCorr   +          Rampage  .   (gloves unavailable)
Will    ++...                   (boots unavailable)
Stlth   +.........              (no amulet)
HPRegen 0.15/turn               q - ring of willpower
MPRegen 0.12/turn               y - +4 ring of slaying

@: divinely shielded, glowing, very quick
A: very small, no large weapons, unfitting armour, see invisible, speed 3
a: Renounce Religion, Divine Shield


You were on level 8 of the Dungeon.
You worshipped the Shining One.
The Shining One was pleased with you.
You visited 2 branches of the dungeon, and saw 9 of its levels.
You also visited: Ossuary.

You collected 415 gold pieces.
You spent 187 gold pieces at shops.

Inventory:

Hand Weapons
 a - a +0 short sword
 i - a +1 vorpal long sword (weapon)
 u - a +0 falchion of draining
Missiles
 o - 8 poisoned darts
 p - 8 datura-tipped darts
 A - 4 curare-tipped darts
Armour
 b - a +1 robe (worn)
 C - a +2 cloak of preservation (worn)
Jewellery
 k - an amulet of magic regeneration
 q - a ring of willpower (left hand)
 r - a +6 ring of intelligence
 y - a +4 ring of slaying (right hand)
 B - a ring of protection from fire
 F - a ring of ice
Wands
 g - a wand of paralysis (5)
 D - a wand of flame (13)
Scrolls
 c - 2 scrolls of teleportation
 d - 2 scrolls of blinking
 e - a scroll of enchant weapon
 h - a scroll of summoning
 l - a scroll of enchant armour
 m - 2 scrolls of magic mapping
 n - a scroll of fog
 z - a scroll of fear {unknown}
 E - 2 scrolls of identify
Potions
 f - a potion of heal wounds {unknown}
 j - 3 potions of attraction
 s - a potion of lignification
 t - a potion of haste {unknown}
 v - 3 potions of curing {unknown}
 w - a potion of brilliance {unknown}
 x - a potion of flight


   Skills:
 - Level 2.4 Fighting
 - Level 3.2 Short Blades
 + Level 19.3 Dodging
 - Level 3.0 Stealth
 + Level 1.0 Invocations


You had 9 spell levels left.
You didn't know any spells.
Your spell library was empty.

Dungeon Overview and Level Annotations

Branches:
Dungeon (9/15)             Temple (1/1) D:6         Ossuary (visited)
   Lair: D:8-11         Orc: D:9-12

Altars:
Ashenzari
Cheibriados
Elyvilon
Fedhas
Gozag
Hepliaklqana
Makhleb
Nemelex Xobeh
Okawaru
Ru
Sif Muna
Uskayaw
Vehumet
Wu Jian
Xom
Yredelemnul
Zin
The Shining One

Shops:
D:5 ([!!?


Innate Abilities, Weirdness & Mutations

You are very small and have problems with some larger weapons.
You are too small for most types of armour.
You have supernaturally acute eyesight. (SInv)
You cover ground extremely quickly. (Speed+++)


Message History

A divine shield forms around you!
A troll comes into view.
The orc wizard closely misses you. The orc warrior completely misses you.
The orc priest hits you with a +0 mace. The orc wizard completely misses you.
You hit the orc priest.
The orc priest is almost dead.
The orc wizard misses you. The orc priest completely misses you.
You block the orc warrior's attack. You block the orc wizard's attack.
The orc wizard completely misses you. The troll misses you.
You block the troll's attack. The troll completely misses you.
The orc priest misses you.
The orc wizard hits you with a +0 dagger.
The orc warrior misses you.
You slash the orc priest!
You kill the orc priest!
The Shining One accepts your kill.
The orc wizard points at you and mumbles some strange words.
The puff of flame hits you. The orc wizard closely misses you.
The troll misses you. The troll completely misses you.
The troll closely misses you.
The orc warrior hits you from afar with a +0 glaive!
* * * LOW HITPOINT WARNING * * *
The orc wizard completely misses you. The troll misses you.
The troll claws you.
* * * LOW HITPOINT WARNING * * *
The troll completely misses you.
The orc wizard points at you and mumbles some strange words.
The magic dart hits you but does no damage.
The orc warrior completely misses you.
You climb upwards.
There is a stone staircase leading down here.
Unknown command.
You barely miss the orc wizard. The orc wizard misses you.
The orc wizard completely misses you. The troll completely misses you.
The troll barely misses you. You block the troll's attack.
You barely miss the orc wizard. The orc wizard completely misses you.
The orc wizard hits you with a +0 dagger.
* * * LOW HITPOINT WARNING * * *
The troll bites you!
You die...

#.......# #.#####.#
#.# #.# ####.# #.#
.....# #.#
.....#####'#####
####
.....##.......[#
####### #...
.....##..>.....###
#.....# #.##
......'..?.....T@#
#.....# #.#
.....##........oo#
#.....# #.##
.....#####'####..#
#.....# #.#.
.....###....# #..#
#.....# #.#.
##.#..##....#
#..###.....#####.#.
...#..##....#
#....'.........#.##
####...#))).#
#.####.....###.#...
#.#.#....# #.#
####### #.###.
#.#......###.#
#.###.


You could see a troll and 2 orc wizards.

Vanquished Creatures
  A centaur warrior (D:8)
  Prince Ribbit (D:6)
  6 yaks (D:5)
  Edmund (D:6)
  An ice beast (D:6)
  A sky beast (D:6)
  A centaur (D:6)
  5 ogres
  2 phantoms
  A bullfrog (D:6)
  2 necrophages
  12 scorpions
  3 wights (D:8)
  11 killer bees (D:8)
  2 howler monkeys (D:8)
  3 centaur zombies (Ossuary)
  2 orc priests
  2 human zombies (Ossuary)
  A jelly (D:4)
  2 hounds (D:6)
  2 iguanas
  3 scorpion zombies (Ossuary)
  5 orc wizards
  4 mummies
  Robin (D:4)
  9 adders
  2 shadow imps (D:6)
  An ufetubus (D:5)
  2 dart slugs
  9 orcs
  2 ball pythons (D:2)
  4 bats
  6 endoplasms (D:2)
  5 giant cockroaches (D:1)
  2 gnoll zombies (Ossuary)
  9 goblins (D:4)
  7 hobgoblins
  3 jackals (D:4)
  2 kobolds
  4 frilled lizards
  3 goblin zombies (Ossuary)
  2 hobgoblin zombies (Ossuary)
  4 kobold zombies (Ossuary)
  An orc zombie (Ossuary)
  6 rats
158 creatures vanquished.

Vanquished Creatures (others)
  2 plants (D:9)
2 creatures vanquished.

Grand Total: 160 creatures vanquished

Notes
Turn   | Place    | Note
-------+----------+-------------------------------------------
     0 | D:1      | BlueGoblin the Spriggan Monk began the quest for the Orb.
     0 | D:1      | Reached XP level 1. HP: 11/11 MP: 2/2
   646 | D:1      | Reached XP level 2. HP: 16/16 MP: 3/3
   709 | D:1      | Found a faded altar of an unknown god.
   720 | D:1      | Reached skill level 5 in Dodging
  1380 | D:2      | Reached XP level 3. HP: 7/19 MP: 4/4
  1716 | D:2      | Found a shimmering blue altar of Sif Muna.
  1954 | D:3      | Found a shimmering blue altar of Sif Muna.
  2020 | D:3      | Found a shimmering altar of Xom.
  2111 | D:3      | Reached skill level 6 in Dodging
  2438 | D:3      | Found a glowing golden altar of the Shining One.
  2885 | D:4      | Noticed a phantom
  3185 | D:4      | Found a hide-covered altar of Uskayaw.
  3210 | D:4      | Found a glowing silver altar of Zin.
  3249 | D:4      | Found a sand-covered staircase.
  3256 | D:4      | Reached XP level 4. HP: 23/23 MP: 5/5
  3258 | Ossuary  | Entered an ossuary
  3274 | Ossuary  | Reached skill level 7 in Dodging
  3320 | Ossuary  | Noticed a scorpion
  3322 | Ossuary  | Noticed a scorpion
  3344 | Ossuary  | Killed a scorpion
  3345 | Ossuary  | Reached XP level 5. HP: 10/27 MP: 6/6
  3352 | Ossuary  | Reached skill level 8 in Dodging
  3576 | Ossuary  | Reached skill level 9 in Dodging
  3576 | Ossuary  | Reached XP level 6. HP: 14/32 MP: 7/7
  4112 | Ossuary  | Reached skill level 10 in Dodging
  4212 | Ossuary  | Reached XP level 7. HP: 22/35 MP: 8/8
  4609 | Ossuary  | Reached skill level 11 in Dodging
  5128 | Ossuary  | Reached skill level 12 in Dodging
  5570 | D:4      | Reached XP level 8. HP: 23/39 MP: 9/9
  6065 | D:4      | Noticed Robin
  6109 | D:4      | Killed Robin
  6110 | D:4      | Reached skill level 13 in Dodging
  6457 | D:4      | Found a sacrificial altar of Ru.
  6657 | D:5      | Entered Level 5 of the Dungeon
  6657 | D:5      | Found Zatzi's Antique Armour Shoppe.
  6686 | D:5      | Bought an embroidered cloak for 187 gold pieces
  6863 | D:5      | Found Xeliteg's Distillery.
  6882 | D:5      | Found Lomoux's Magic Scroll Emporium.
  6934 | D:5      | Found Wenniwn's Distillery.
  7007 | D:5      | Reached skill level 14 in Dodging
  7023 | D:5      | Reached skill level 15 in Dodging
  7442 | D:5      | Reached XP level 9. HP: 43/43 MP: 10/10
  7519 | D:5      | Reached skill level 16 in Dodging
  7660 | D:5      | Found Diloiwyr's Weapon Shop.
  7877 | D:6      | Found a staircase to the Ecumenical Temple.
  7912 | Temple   | Entered the Ecumenical Temple
  8209 | D:3      | Became a worshipper of the Shining One
  8209 | D:3      | Reached * piety under the Shining One
  8209 | D:3      | Reached ** piety under the Shining One
  8293 | D:6      | Noticed Prince Ribbit
  8310 | D:6      | Reached skill level 17 in Dodging
  8432 | D:6      | Killed Prince Ribbit
  8559 | D:6      | Noticed Edmund
  8577 | D:6      | Killed Edmund
  8590 | D:6      | Reached skill level 18 in Dodging
  8609 | D:6      | You fall into a shaft and drop 2 floors!
  9034 | D:8      | Reached XP level 10. HP: 40/47 MP: 8/11
  9827 | D:8      | Noticed a centaur warrior
  9840 | D:8      | Killed a centaur warrior
  9841 | D:8      | Reached skill level 19 in Dodging
  9841 | D:8      | Reached skill level 1 in Invocations
 10374 | D:8      | Slain by a troll

Illustrated notes

Levels and vault maps discovered:
D:1:      scummos_arrival_simple_fountains, layout_basic,
          ebering_ecumenical_altar_webs, minmay_misc_feat_secret_circle,
          minmay_misc_feat_plants, minmay_statues_item, minmay_worlds_worst_comb
D:2:      layout_rooms, basic_altar, moated_statue
D:3:      layout_basic, mainiacjoe_overflow_24_doors, overflow_temple_1_default,
          led_sif_pool, hangedman_feature_mirror
D:4:      layout_basic, lemuel_crystal_altar, lemuel_doored_altar,
          overflow_temple_1_default, gup_ossuary_entry_pyramid,
          nicolae_figureground_pulse, uniq_robin
D:5:      layout_rooms, serial_shops, kennysheep_mini_moat,
          kennysheep_little_box, shop, shop, nicolae_stop_n_shop_1,
          grunt_decor_one_mirror
D:6:      layout_basic, minmay_temple_entry_slanted, uniq_prince_ribbit1,
          uniq_edmund
D:8:      layout_basic, minmay_small_thing
D:9:      layout_loops_ring, amcnicky_altar_gilded, serial_bayou_lagoon_b,
          uniq_erolcha
Temple:   minmay_temple_bridge_abc

Skill      XL: |  1  2  3  4  5  6  7  8  9 10 |
---------------+-------------------------------+-----
Dodging        | 5 6 7 9 10 12 15 18 19 | 19.3
Invocations    | 1 |  1.0
Fighting       | |  2.4
Short Blades   | |  3.2
Stealth        | |  3.0

Action                   |  1- 3 |  4- 6 |  7- 9 | 10-12 || total
-------------------------+-------+-------+-------+-------++-------
Melee: Short sword       |    73 |       |       |       ||    73
       Punch             |     1 |     3 |     3 |     1 ||     8
       Long sword        |    24 |    99 |   334 |    50 ||   507
Invok: Divine Shield     |       |       |     5 |     4 ||     9
Evoke: Wand              |     1 |       |       |       ||     1
  Use: Scroll            |    11 |       |     6 |       ||    17
       Potion            |       |     1 |       |       ||     1
 Stab: Sleeping          |    14 |     1 |     8 |       ||    23
       Paralysed         |     1 |       |       |       ||     1
       Distracted        |       |     1 |     1 |       ||     2
Armor: Robe              |     9 |    14 |    27 |     6 ||    56
Dodge: Dodged            |    80 |   150 |   434 |   100 ||   764
Block: Other             |       |       |    30 |    20 ||    50

Table legend: (Time is in decaauts)
 A = Elapsed time spent in this place.
 B = Non-inter-level travel time spent in this place.
 C = Inter-level travel time spent in this place.
 D = Time resting spent in this place.
 E = Time spent auto-exploring this place.
 F = Levels seen in this place.
 G = Mean time per level.
                   A        B        C        D        E       F      G
               +--------+--------+--------+--------+--------+-----+--------+
         Total |   8435 |   8161 |    274 |   2173 |   4461 |  10 |  843.5 |
       Dungeon |   6196 |   5934 |    262 |    952 |   3921 |   8 |  774.5 |
        Temple |    119 |    108 |     11 |      0 |    100 |   1 |  119.0 |
       Ossuary |   2119 |   2119 |      0 |   1220 |    439 |   1 | 2119.0 |
               +--------+--------+--------+--------+--------+-----+--------+

Top non-repeatable levels by time:
 Ossuary: 2119 daAuts
     D:8: 1388 daAuts
     D:4: 1311 daAuts
     D:3: 960 daAuts
     D:1: 768 daAuts
     D:5: 736 daAuts
     D:2: 628 daAuts
     D:6: 395 daAuts
  Temple: 119 daAuts
     D:9: 8 daAuts
